 Dungeon Crawl Stone Soup version 0.19.1-1-g22dce08 (webtiles) character file.

56 Gorglomux the Cudgeler (level 3, 0/23 HPs)
             Began as a Gargoyle Gladiator on Dec 31, 2016.
             Slain by a gnoll
             ... wielding a +0 halberd
              (1 damage)
             ... on level 1 of the Dungeon.
             The game lasted 00:02:37 (996 turns).

Gorglomux the Cudgeler (Gargoyle Gladiator)          Turns: 996, Time: 00:02:38

Health: 0/23       AC:  8    Str: 19    XL:     3   Next: 95%
Magic:  3/3        EV:  6    Int: 13    God:
Gold:   28         SH:  7    Dex: 10    Spells: 0 memorised, 2 levels left

rFire  . . .     SeeInvis .     a - +0 flail
rCold  . . .     Gourm    .     b - +0 leather armour
rNeg   + . .     Faith    .     g - +0 shield (curse)
rPois  ∞         Spirit   .     c - +0 helmet
rElec  +         Reflect  .     h - +0 cloak
rCorr  .         Harm     .     (no gloves)
MR     .....                    (no boots)
Stlth  +.........               (no amulet)
                                (no ring)
                                (no ring)

@: brilliant, constricted
A: negative energy resistance 1, electricity resistance, unbreathing,
petrification resistance, rot immunity, AC +3
a: no special abilities


You were on level 1 of the Dungeon.
You were not hungry.

You visited 1 branch of the dungeon, and saw 2 of its levels.

You collected 28 gold pieces.

Inventory:

Hand Weapons
 a - a +0 flail (weapon)
Missiles
 d - 3 throwing nets (quivered)
Armour
 b - a +0 leather armour (worn)
 c - a +0 helmet (worn)
 g - a cursed +0 shield (worn)
 h - a +0 cloak (worn)
Scrolls
 m - a scroll of identify {unknown}
 n - a scroll of remove curse {unknown}
 o - a scroll of random uselessness {unknown}
Potions
 e - a potion of brilliance
 i - a potion of curing {unknown}
 l - a potion of resistance {unknown}
Comestibles
 f - a bread ration
 j - 3 meat rations
 k - a slice of pizza
 p - 5 chunks of flesh


   Skills:
 + Level 3.4 Fighting
 * Level 4.0 Maces & Flails
 - Level 1.7 Throwing
 - Level 2.4 Dodging


You had 2 spell levels left.
You didn't know any spells.

Dungeon Overview and Level Annotations

Branches:
Dungeon (2/15)

Altars:


Innate Abilities, Weirdness & Mutations

You are resistant to torment.
Your stone body is resilient. (AC +3)
You are immune to poison.
You resist negative energy. (rN+)
You are resistant to electric shocks. (rElec)
You can survive without breathing.
You are immune to petrification.
You are immune to rotting.


Message History

The ball python bites you but does no damage.
* * * LOW HITPOINT WARNING * * *
The ball python constricts you. The goblin hits you but does no damage.
The gnoll hits you but does no damage. The gnoll barely misses you.
Your shield prevents you from hitting the goblin.
You block the bat's attack. The bat hits you but does no damage.
You block the kobold's attack. The ball python barely misses you.
The ball python constricts you. The gnoll hits you but does no damage.
The goblin hits you.
* * * LOW HITPOINT WARNING * * *
The gnoll hits you but does no damage.
You thump the goblin!
You kill the goblin!
Your Maces & Flails skill increases to level 4!
The bat hits you but does no damage. You block the ball python's attack.
The ball python constricts you. The kobold hits you but does no damage.
You block the gnoll's attack. The ball python bites you.
* * * LOW HITPOINT WARNING * * *
The ball python constricts you. The gnoll hits you with a halberd.
You die...

##### ########
#######.(.#### #.......
#.÷...#.#....# ### #.......
#.###.#...##.###.##
#####....... #.#
#.##.###.##gK.###...........
#.###.##.#
#.b†@S.....###.......
#.##.....#
####.g.#######.......
#.##..#### ##.## #........
#.##..# #.# #........
#.##..# #.# #.###.##.
#.....# ##'## #.# #.##.
####.## #######...## #.#
#.##. #.####.#.#.#.#..##
#.###.##.
#.#.#............##
#.#.#.##.


You could see 2 gnolls, a bat, a ball python and a kobold.

Vanquished Creatures
  A gnoll (D:1)
  2 oozes (D:1)
  2 dart slugs (D:1)
  3 leopard geckos (D:1)
  2 ball pythons (D:1)
  A giant cockroach (D:1)
  7 goblins (D:1)
  2 jackals (D:1)
  A kobold (D:1)
  3 bats (D:1)
  4 frilled lizards (D:1)
  4 rats (D:1)
32 creatures vanquished.

Notes
Turn   | Place    | Note
-------+----------+-------------------------------------------
     0 | D:1      | Gorglomux the Gargoyle Gladiator began the quest for the Orb.
     0 | D:1      | Reached XP level 1. HP: 12/12 MP: 1/1
   150 | D:1      | Reached XP level 2. HP: 14/18 MP: 2/2
   449 | D:1      | Reached XP level 3. HP: 22/23 MP: 3/3
   996 | D:1      | Reached skill level 4 in Maces & Flails
   996 | D:1      | HP: 1/23 [ball python (1)]
   996 | D:1      | Slain by a gnoll

Skill      XL: |  1  2  3 |
---------------+----------+-----
Fighting       | 3 |  3.4
Maces & Flails | 4 |  4.0
Throwing       | |  1.7
Dodging        | |  2.4

Action                   || total
-------------------------++-------
Melee: Flail             ||   106
  Use: Potion            ||     1
Armor: Leather armour    ||    63
Dodge: Dodged            ||    99
Block: Shield            ||    17
